AoeStats
← TikiTiki95

Northern Isles

510328985Analyzed
1v1 RM · 1d ago on Sep 30, 2026· 50m 50s· 2 players
Game mode
Random Map
Map size
Tiny (2 player)
Population
200
Speed
Normal
Resources
Standard
Victory
Conquest
Starting age
Dark Age
Ending age
Imperial Age
RankedLock teamsTeams togetherTeam positionsShared explorationLock speedFull tech treeHidden civsTurbo modeCheats
Victory
Defeat
🇦🇷 Vikings · Argentina
1122
+14
🇪🇸 Varangians · Spain
1086
-14
a.arias.age
10:50 Feudal Age
11:22 Loom
17:40 Castle Age
18:58 Forging
18:49 Scale Mail Armor
19:00 Double-Bit Axe
28:04 Wheelbarrow
27:56 Horse Collar
28:58 Fletching
29:39 Ballistics
29:23 Padded Archer Armor
30:41 Careening
30:38 Gold Mining
31:02 Bow Saw
31:26 Medium Warships
32:08 Scale Barding Armor
33:03 Iron Casting
33:20 Chain Barding Armor
37:23 Stone Mining
37:13 Elite Skirmisher
40:14 Bloodlines
41:38 Husbandry
TikiTiki95
10:42 Feudal Age
11:27 Double-Bit Axe
15:31 Loom
18:19 Castle Age
16:37 Fletching
18:22 Crossbowman
24:31 Bodkin Arrow
24:40 Town Watch
33:21 Imperial Age
34:31 Arbalester
36:50 Padded Archer Armor
43:05 Bracer
43:21 Leather Archer Armor
48:28 Ring Archer Armor
Connection lost

Rejoining the realm…

Still unreachable

The connection could not be restored.

Session expired

The server has moved on; the page needs a fresh start.